Map: Troizinia LE

Players

Infamous

  • Race: Protoss Protoss
  • League: Silver
  • Spawn Location: 11:00

Zog

  • Race: Protoss Protoss
  • Spawn Location: 9:00

AznIronMan

  • Race: Terran Terran
  • Spawn Location: 12:00

Syrus

  • Race: Zerg Zerg
  • Spawn Location: 11:00

GujuPride - Winner!

  • Race: Terran Terran
  • Spawn Location: 5:00

MajinRyoichi - Winner!

  • Race: Protoss Protoss
  • League: Silver
  • Spawn Location: 5:00

LeadMoveRDie - Winner!

  • Race: Protoss Protoss
  • Spawn Location: 6:00

Deathstar - Winner!

  • Race: Zerg Zerg
  • Spawn Location: 3:00

VOD

Have the link to the VOD?

Description

Time

  • Played on: March 18, 2018, 6:06 p.m.
  • Length: 19:16
Show
View Real Time Build Order
Export as new Build Order

Infamous Protoss 

Build Orders: 1 Gate Expand 

Get SALT Encoding   

  12  0:04  Probe  
  13  0:16  Pylon  
  13  0:21  Probe  
  14  0:35  Gateway  
  14  0:36  Probe  
  15  0:49  Probe  
  16  1:02  Probe  
  17  1:07  Assimilator  
  17  1:15  Probe  
  18  1:34  Nexus  
  18  1:56  Zealot  
  18  1:57  Probe  
  20  2:04  Pylon  
  20  2:15  Probe (Chrono Boost)  
  21  2:19  Cybernetics Core  
  21  2:24  Assimilator  
  21  2:27  Probe (Chrono Boost)  
  22  2:46  Probe  
  22  2:47  Probe  
  25  2:58  Probe  
  25  2:59  Probe, Warp Gate (Chrono Boost)  
  26  3:10  Probe  
  27  3:15  Pylon  
  27  3:36  Probe  
  28  3:43  Gateway  
  28  3:44  Probe  
  28  3:46  Gateway  
  28  3:47  Gateway  
  29  3:48  Assimilator  
  29  3:51  Gateway  
  29  3:52  Probe  
  30  4:00  Robotics Facility  
  30  4:23  Probe x2  
  32  4:38  Forge  
  32  4:44  Probe  
  33  4:48  Probe  
  33  4:51  Stalker x5  
  44  4:57  Probe  
  45  5:06  Probe  
  46  5:09  Probe  
  47  5:15  Protoss Ground Weapons Level 1 (Chrono Boost)  
  47  5:18  Probe  
  48  5:22  Immortal  
  52  5:33  Pylon, Robotics Bay  
  52  5:36  Pylon  
  52  5:39  Probe  
  52  5:40  Probe  
  54  5:54  Pylon  
  54  6:02  Photon Cannon  
  54  6:17  Warp Prism  
  57  6:26  Probe (Chrono Boost)  
  57  6:30  Probe (Chrono Boost)  
  58  6:34  Shield Battery  
  58  6:36  Photon Cannon  
  58  6:37  Probe (Chrono Boost)  
  59  6:46  Extended Thermal Lance  
  59  6:53  Colossus  
  65  6:59  Stalker x2  
  65  7:00  Stalker x3  
  75  7:39  Stalker  
  77  7:51  Pylon  
  77  8:04  Probe  
  78  8:08  Colossus  
  78  8:10  Twilight Council  
  84  8:28  Protoss Ground Armor Level 1 (Chrono Boost)  
  84  8:34  Robotics Facility  
  84  8:41  Forge  
  84  8:42  Probe x2, Assimilator  
  86  8:57  Pylon  
  86  9:00  Pylon  
  86  9:03  Nexus  
  86  9:04  Pylon  
  86  9:05  Pylon  
  86  9:11  Pylon  
  86  9:31  Colossus (Chrono Boost)  
  86  9:37  Probe  
  86  9:38  Probe  
  100  9:41  Colossus (Chrono Boost)  
  100  9:55  Charge  
  100  9:58  Probe  
  101  10:00  Protoss Ground Weapons Level 2 (Chrono Boost)  
  103  10:15  Probe x2 (Chrono Boost)  
  103  10:16  Probe (Chrono Boost)  
  104  10:22  Colossus  
  104  10:26  Stalker  
  104  10:27  Stalker x4  
  104  10:28  Probe (Chrono Boost)  
  121  10:36  Protoss Ground Armor Level 2 (Chrono Boost)  
  121  10:40  Photon Cannon  
  121  10:42  Photon Cannon  
  121  10:44  Photon Cannon  
  121  10:48  Colossus  
  127  11:16  Colossus  
  127  11:17  Zealot x4  
  141  11:24  Pylon  
  141  11:26  Assimilator  
  141  11:29  Assimilator  
  141  11:41  Probe (Chrono Boost)  
  141  11:43  Probe x2 (Chrono Boost)  
  141  11:45  Stalker x2  
  116  11:54  Probe x2  
  116  11:55  Probe  
  89  12:01  Blink (Chrono Boost)  
  87  12:14  Protoss Ground Weapons Level 3 (Chrono Boost)  
  87  12:23  Gateway  
  87  12:25  Gateway  
  87  12:28  Gateway  
  71  13:00  Protoss Ground Armor Level 3 (Chrono Boost)  
  71  13:05  Sentry x4  
  71  13:07  Stalker  
  75  13:13  Disruptor x2 (Chrono Boost)  
  81  13:27  Stalker  
  81  13:28  Stalker x3  
  81  13:30  Stalker x3  
  95  13:55  Probe x2  
  97  13:56  Probe  
  97  13:59  Resonating Glaives (Chrono Boost)  
  98  14:07  Stalker  
  98  14:08  Stalker x3  
  98  14:09  Stalker x3  
  112  14:10  Stalker  
  62  14:42  Colossus x2  
  62  14:45  Stalker x4  
  80  14:46  Stalker x4  
  90  15:03  Photon Cannon  
  90  15:04  Photon Cannon  
  90  15:07  Photon Cannon  
  90  15:08  Shield Battery  
  90  15:10  Photon Cannon  
  90  15:11  Photon Cannon  
  90  15:28  Stalker x3  
  92  15:29  Stalker x2  
  92  15:30  Stalker x2  
  92  15:31  Nexus  
  104  15:36  Pylon  
  104  15:39  Pylon  
  104  15:45  Disruptor (Chrono Boost)  
  104  15:46  Disruptor (Chrono Boost)  
  104  15:47  Protoss Shields Level 1  
  110  15:53  Templar Archives  
  65  16:47  Disruptor  
  65  16:48  Disruptor  
  53  17:00  High Templar x5  
  63  17:08  Archon x2  
  63  17:12  Psionic Storm  
  63  17:29  Pylon  
  59  17:32  Pylon  
  41  18:03  High Templar x2  
Show
View Real Time Build Order
Export as new Build Order

Zog Protoss 

Build Orders:  

Get SALT Encoding   

  12  0:04  Probe  
  13  0:22  Pylon  
  13  0:27  Probe  
  14  0:44  Gateway  
  14  0:48  Forge  
  14  0:54  Assimilator  
  14  0:56  Probe  
  15  1:03  Assimilator  
  15  1:08  Probe  
  16  1:16  Pylon  
  16  1:25  Pylon  
  16  1:37  Zealot  
  18  1:45  Pylon  
  18  1:51  Probe  
  19  2:03  Probe  
  19  2:04  Zealot  
  22  2:24  Probe  
  23  2:36  Probe  
  24  2:48  Probe  
  24  2:49  Nexus  
  25  2:57  Assimilator  
  25  3:02  Assimilator  
  25  3:09  Protoss Ground Armor Level 1  
  25  3:10  Zealot  
  23  3:38  Zealot  
  25  3:58  Photon Cannon  
  25  4:01  Photon Cannon  
  25  4:05  Zealot  
  25  4:06  Pylon  
  27  4:17  Pylon  
  27  4:32  Zealot  
  27  4:55  Probe  
  27  4:58  Photon Cannon  
  27  4:59  Zealot  
  30  5:03  Protoss Ground Weapons Level 1  
  30  5:07  Probe  
  31  5:19  Probe  
  31  5:20  Photon Cannon  
  32  5:26  Zealot  
  34  5:32  Probe  
  35  5:44  Probe  
  36  5:52  Nexus  
  36  5:53  Zealot  
  36  5:56  Probe  
  39  6:05  Cybernetics Core  
  39  6:08  Probe, Pylon  
  40  6:15  Pylon  
  40  6:19  Pylon  
  40  6:20  Probe, Zealot  
  43  6:26  Pylon  
  43  6:37  Pylon  
  43  6:43  Pylon  
  43  6:46  Pylon  
  43  6:47  Zealot  
  43  6:52  Probe  
  46  6:57  Protoss Shields Level 1  
  46  7:04  Probe  
  47  7:16  Probe  
  48  7:29  Probe  
  35  7:41  Probe  
  36  8:01  Protoss Air Armor Level 1  
  36  8:10  Stargate  
  36  8:14  Stargate  
  36  8:19  Stargate  
  36  8:32  Stargate  
  36  8:39  Robotics Facility  
  36  8:50  Twilight Council  
  36  8:53  Pylon  
  36  9:04  Void Ray  
  40  9:17  Photon Cannon  
  40  9:27  Assimilator  
  40  9:29  Probe  
  41  9:36  Void Ray  
  45  9:41  Probe  
  46  9:46  Observer  
  47  9:53  Probe  
  47  9:55  Protoss Air Weapons Level 1  
  48  10:05  Probe  
  49  10:11  Fleet Beacon  
  49  10:16  Pylon  
  49  10:17  Probe  
  49  10:20  Pylon  
  50  10:24  Pylon  
  50  10:35  Robotics Bay  
  50  11:07  Templar Archives  
  50  11:15  Photon Cannon  
  50  11:19  Photon Cannon  
  50  11:26  Protoss Shields Level 2  
  50  11:41  Assimilator  
  50  11:51  Void Ray  
  50  11:53  Void Ray  
  56  11:58  Void Ray  
  60  12:12  Protoss Air Weapons Level 2  
  60  12:24  Void Ray  
  64  12:39  Probe  
  65  12:50  Nexus  
  65  12:51  Probe  
  65  12:57  Assimilator  
  66  13:03  Assimilator  
  66  13:10  Void Ray  
  70  13:14  Void Ray  
  74  13:20  Void Ray  
  74  13:23  Void Ray  
Show
View Real Time Build Order
Export as new Build Order

AznIronMan Terran 

Build Orders:  

Get SALT Encoding   

  12  0:01  SCV  
  13  0:13  SCV  
  14  0:20  Supply Depot  
  14  0:25  SCV  
  15  0:42  Refinery  
  15  0:43  Barracks  
  15  0:47  SCV  
  16  1:07  SCV  
  17  1:19  SCV  
  18  1:30  Marine  
  19  1:39  Refinery  
  19  1:42  Command Center  
  19  1:56  Marine  
  20  2:21  SCV  
  21  2:23  Factory  
  21  2:33  SCV  
  21  2:36  Refinery  
  22  2:40  Refinery  
  22  2:57  Orbital Command  
  22  2:59  Orbital Command  
  22  3:10  Starport, Armory  
  22  3:30  SCV x2  
  24  3:42  SCV x2  
  26  3:51  Starport Tech Lab  
  26  3:54  SCV  
  27  3:57  Fusion Core  
  27  4:01  Terran Ship Weapons Level 1  
  27  4:03  SCV  
  27  4:06  SCV  
  29  4:10  Banshee  
  29  4:15  SCV  
  33  4:18  SCV  
  34  4:26  Cloaking Field  
  34  4:36  Starport  
  34  4:38  SCV  
  34  4:40  SCV  
  34  4:47  Supply Depot  
  34  4:49  Weapon Refit  
  34  4:52  SCV  
  41  5:14  Battlecruiser  
  41  5:17  Starport Tech Lab  
  41  5:26  SCV  
  42  5:38  SCV  
  43  5:43  SCV, Command Center  
  44  5:55  SCV  
  45  5:58  Battlecruiser  
  51  6:04  SCV  
  51  6:07  SCV  
  53  6:26  Refinery  
  53  6:29  Refinery  
  53  6:44  SCV  
  54  6:48  Battlecruiser  
  60  6:56  SCV  
  61  7:05  Battlecruiser  
  67  7:08  SCV  
  67  7:12  Orbital Command  
  65  7:21  SCV  
  60  7:42  Terran Ship Weapons Level 2  
  54  7:46  SCV  
  55  7:52  Banshee  
  58  7:59  SCV  
  59  8:09  Banshee  
  59  8:10  Starport  
  62  8:16  Supply Depot, Starport  
  62  8:17  Supply Depot  
  62  8:20  Supply Depot, SCV  
  62  8:21  Supply Depot  
  62  8:26  SCV  
  64  8:32  SCV  
  65  8:35  Viking  
  65  8:38  SCV  
  68  8:42  Hyperflight Rotors  
  68  8:50  SCV x2  
  68  8:52  Viking  
  72  9:00  Starport Tech Lab x2  
  72  9:02  SCV x2  
  74  9:05  Battlecruiser  
  80  9:14  SCV x2  
  82  9:21  Banshee  
  85  9:26  SCV  
  86  9:32  Command Center  
  86  9:35  SCV  
  87  9:38  SCV  
  88  9:46  Banshee  
  88  9:47  SCV  
  88  9:52  Banshee  
  92  9:58  Terran Vehicle And Ship Armor Level 1  
  92  9:59  SCV  
  96  10:02  Armory  
  96  10:04  Banshee  
  99  10:09  Banshee  
  99  10:12  SCV  
  103  10:17  SCV  
  104  10:25  Refinery  
  104  10:27  Refinery  
  104  10:29  SCV, Banshee  
  104  10:35  Banshee  
  111  10:47  Banshee  
  114  10:50  Supply Depot  
  114  10:51  Supply Depot  
  114  10:52  Battlecruiser  
  114  10:55  Terran Ship Weapons Level 3  
  120  11:07  Orbital Command  
  120  11:12  Battlecruiser  
  120  11:15  Supply Depot  
  120  11:16  Supply Depot  
  126  11:18  Battlecruiser  
  126  11:24  SCV  
  133  11:30  Battlecruiser  
  139  11:36  SCV  
  140  11:48  SCV  
  141  11:56  Banshee  
  141  12:00  SCV  
  145  12:17  Battlecruiser  
  157  12:23  Battlecruiser  
  157  12:34  Battlecruiser  
  163  12:39  Battlecruiser  
  157  13:21  Battlecruiser  
  163  13:31  Battlecruiser  
  166  13:39  Battlecruiser  
  172  13:43  Battlecruiser  
  117  14:25  Viking  
  110  14:34  Viking  
  94  14:43  Viking  
  96  14:47  Viking  
  98  14:55  Viking  
  100  15:01  Terran Vehicle And Ship Armor Level 2  
  100  15:02  Terran Vehicle Weapons Level 1  
  100  15:04  Viking  
  102  15:11  Barracks Reactor  
  102  15:13  Viking  
  104  15:17  Barracks, Viking  
  104  15:19  Barracks  
  106  15:25  Viking  
  108  15:34  Viking  
  110  15:43  Viking  
  110  15:47  Viking  
  114  15:55  Viking  
  116  16:04  Viking  
  116  16:06  Barracks  
  118  16:12  Viking  
  118  16:17  Viking  
  92  16:25  Viking  
  76  16:34  Viking  
  76  16:36  Barracks Reactor  
  76  16:37  Barracks Reactor  
  76  16:38  Marine  
  76  16:39  Marine  
  80  16:42  Viking  
  82  16:47  Liberator, Viking  
  84  16:55  Viking  
  84  16:56  Marine  
  84  16:57  Marine  
  88  17:06  Barracks Reactor  
  73  17:14  Marine  
  73  17:15  Marine  
  68  17:32  Marine x2  
Show
View Real Time Build Order
Export as new Build Order

Syrus Zerg 

Build Orders: Hatch First 

Get SALT Encoding   

  12  0:10  Overlord  
  12  0:16  Drone  
  12  0:18  Drone  
  14  0:48  Drone  
  14  0:49  Drone x2  
  17  1:54  Hatchery  
  16  2:06  Drone x2  
  18  2:24  Spawning Pool  
  17  2:34  Extractor  
  16  2:41  Extractor  
  15  2:54  Drone  
  15  2:55  Drone x2  
  18  3:31  Hatchery  
  17  3:39  Drone x2  
  17  3:40  Drone  
  20  4:52  Drone  
  21  5:28  Hatchery  
  20  5:43  Drone x3  
  23  5:51  Drone  
  23  5:52  Drone  
  23  5:53  Overlord  
  25  6:08  Extractor  
  24  6:15  Extractor  
  23  6:31  Drone x3  
  26  7:15  Lair  
  26  7:41  Lair  
  26  7:42  Drone x2  
  28  7:45  Overlord  
  28  8:22  Hatchery  
  28  8:25  Drone  
  28  8:26  Drone x2  
  30  8:51  Spine Crawler  
  29  9:09  Drone x3, Spore Crawler  
  31  9:53  Extractor  
  31  9:59  Extractor  
  29  10:28  Lair  
  29  10:39  Drone x2  
  29  10:40  Drone  
  32  10:45  Overseer  
  32  11:25  Queen  
  34  12:01  Queen x2  
  38  12:09  Queen  
  40  13:07  Spine Crawler  
  28  14:09  Drone x3  
  16  16:55  Overlord  
  16  16:56  Overlord x2  
Show
View Real Time Build Order
Export as new Build Order

GujuPride Terran - Winner!

Build Orders:  

Get SALT Encoding   

  12  0:02  SCV  
  13  0:14  SCV  
  14  0:26  SCV  
  15  0:30  Supply Depot  
  15  0:33  Refinery  
  15  0:43  Supply Depot  
  15  1:00  Barracks  
  16  1:04  SCV  
  16  1:16  SCV  
  17  1:19  Engineering Bay  
  17  1:28  SCV  
  18  1:41  SCV  
  19  1:48  Barracks  
  19  2:00  Planetary Fortress  
  19  2:06  Refinery  
  19  2:07  Supply Depot  
  19  2:28  Supply Depot  
  19  2:34  Supply Depot  
  19  2:37  SCV  
  19  2:39  Barracks Reactor  
  20  2:57  Bunker, SCV  
  21  3:29  Bunker  
  21  3:30  Marine x2  
  22  3:48  Marine x2  
  24  3:52  SCV  
  25  3:58  Supply Depot  
  25  4:05  Marine  
  25  4:06  Marine  
  27  4:18  Missile Turret, SCV  
  27  4:20  Supply Depot  
  28  4:24  Missile Turret  
  28  4:39  Factory  
  28  4:43  SCV  
  28  4:44  Supply Depot  
  29  4:48  Hi-Sec Auto Tracking  
  29  4:59  Marine, Missile Turret  
  29  5:00  Marine  
  29  5:06  Supply Depot  
  29  5:26  Factory Tech Lab  
  29  5:29  SCV  
  30  5:42  Marine x2  
  32  5:45  SCV  
  32  5:47  Starport  
  33  6:08  Command Center  
  33  6:16  Siege Tank  
  36  6:26  Starport Tech Lab  
  36  6:34  Refinery  
  36  6:37  Refinery  
  36  6:45  SCV  
  37  6:55  Fusion Core  
  37  6:57  SCV  
  38  7:12  Marine x2  
  40  7:25  Orbital Command  
  40  7:35  SCV  
  41  7:57  Battlecruiser  
  47  8:10  Starport  
  47  8:27  SCV  
  48  8:29  SCV  
  49  8:39  SCV  
  49  8:43  Siege Tank  
  49  8:45  Supply Depot  
  52  8:53  Starport Tech Lab  
  52  8:54  Armory  
  52  9:11  Battlecruiser  
  52  9:12  SCV  
  52  9:16  SCV  
  60  9:26  SCV  
  60  9:28  SCV  
  62  9:42  SCV  
  63  9:47  Terran Ship Weapons Level 1  
  63  9:54  SCV  
  63  9:55  SCV  
  65  10:02  Battlecruiser  
  71  10:07  Supply Depot  
  71  10:15  Battlecruiser  
  77  10:31  Command Center  
  77  10:43  SCV  
  78  10:54  Refinery  
  78  10:55  SCV  
  79  10:57  SCV  
  80  11:07  Battlecruiser  
  80  11:08  SCV  
  87  11:19  Refinery  
  87  11:20  Battlecruiser  
  93  11:49  Orbital Command  
  93  12:04  Bunker  
  93  12:08  Terran Ship Weapons Level 2  
  99  12:23  Battlecruiser  
  99  12:27  SCV  
  100  12:34  SCV  
  100  12:35  Missile Turret  
  101  12:37  SCV  
  102  12:46  SCV  
  102  12:49  SCV  
  104  12:51  Marine x2  
  104  12:55  Sensor Tower  
  106  13:09  Marine x2  
  114  13:48  Battlecruiser x2  
  120  13:55  Starport  
  120  13:57  Missile Turret  
  120  14:05  Marine x2  
  120  14:06  Command Center  
  120  14:09  Factory  
  122  14:10  Barracks  
  122  14:12  Terran Infantry Weapons Level 1  
  122  14:14  Supply Depot  
  122  14:20  Missile Turret  
  122  14:23  Marine x2  
  121  14:24  Terran Vehicle And Ship Armor Level 1  
  119  14:37  Supply Depot  
  119  14:40  Marine  
  119  14:41  Marine  
  119  14:44  Refinery  
  121  14:55  Starport Tech Lab  
  121  14:58  Marine x2  
  123  15:00  Supply Depot, Starport  
  123  15:01  Battlecruiser  
  123  15:02  Battlecruiser  
  135  15:12  SCV  
  135  15:13  SCV  
  137  15:18  SCV  
  138  15:24  SCV  
  138  15:25  SCV  
  140  15:31  SCV  
  141  15:36  Battlecruiser, SCV  
  141  15:38  Starport Tech Lab  
  148  15:44  Orbital Command  
  148  15:47  Missile Turret  
  148  16:06  Terran Infantry Armor Level 1  
  148  16:08  Missile Turret  
  148  16:15  SCV  
  149  16:19  Terran Ship Weapons Level 3  
  149  16:22  Refinery  
  149  16:27  SCV  
  149  16:29  Refinery  
  150  16:34  Missile Turret, Battlecruiser  
  150  16:37  Raven  
  158  16:42  SCV  
  158  16:44  SCV  
  158  16:46  SCV  
  161  16:47  Factory Tech Lab  
  161  16:50  Bunker  
  161  16:52  Factory  
  161  16:54  SCV  
  161  16:56  SCV  
  161  16:58  SCV  
  164  17:02  Barracks Reactor  
  164  17:06  Marine x2  
  168  17:16  Hellbat  
  168  17:22  Bunker  
  168  17:24  Marine x2, SCV  
  171  17:36  SCV  
  172  17:38  Factory  
  172  17:44  Marine x2  
  172  17:45  Hellbat  
  176  17:54  SCV  
  176  17:55  Supply Depot  
  177  18:02  Marine x2  
  179  18:06  Hellbat, SCV x2  
  179  18:10  Factory Tech Lab  
  183  18:16  SCV  
  183  18:18  Supply Depot, SCV  
  197  18:28  Hellbat  
  197  18:29  SCV  
  200  18:45  Supply Depot  
  200  18:53  Command Center  
Show
View Real Time Build Order
Export as new Build Order

MajinRyoichi Protoss - Winner!

Build Orders:  

Get SALT Encoding   

  12  0:08  Probe (Chrono Boost)  
  13  0:18  Probe (Chrono Boost)  
  13  0:21  Pylon  
  14  0:23  Probe (Chrono Boost)  
  15  0:36  Assimilator  
  15  0:39  Probe  
  16  0:48  Gateway  
  16  0:51  Probe  
  17  1:04  Probe (Chrono Boost)  
  18  1:07  Assimilator  
  18  1:14  Probe (Chrono Boost)  
  19  1:19  Probe (Chrono Boost)  
  20  1:37  Cybernetics Core  
  20  1:40  Probe  
  21  1:52  Probe  
  22  1:58  Pylon  
  22  2:00  Pylon  
  22  2:04  Probe  
  23  2:17  Nexus  
  23  2:25  Pylon  
  23  2:35  Warp Gate (Chrono Boost)  
  23  2:38  Probe (Chrono Boost)  
  24  2:47  Probe (Chrono Boost)  
  25  2:52  Probe (Chrono Boost)  
  26  2:59  Stargate  
  26  3:04  Probe  
  27  3:16  Probe  
  28  3:23  Pylon  
  28  3:25  Stargate  
  28  3:38  Probe (Chrono Boost)  
  29  3:44  Probe (Chrono Boost)  
  31  3:49  Probe (Chrono Boost)  
  31  3:52  Probe (Chrono Boost)  
  31  3:55  Probe (Chrono Boost)  
  33  3:57  Probe (Chrono Boost)  
  33  3:59  Void Ray  
  38  4:05  Probe  
  38  4:08  Probe  
  40  4:12  Assimilator  
  40  4:16  Assimilator  
  40  4:17  Probe  
  41  4:20  Probe, Protoss Air Weapons Level 1  
  42  4:29  Stargate  
  42  4:31  Stargate  
  42  4:40  Void Ray  
  46  4:54  Probe (Chrono Boost)  
  47  5:04  Probe (Chrono Boost)  
  48  5:08  Probe (Chrono Boost)  
  49  5:18  Nexus  
  49  5:20  Pylon  
  50  5:22  Probe (Chrono Boost), Pylon  
  50  5:26  Pylon  
  50  5:27  Probe (Chrono Boost)  
  51  5:30  Void Ray  
  51  5:35  Assimilator  
  57  5:37  Probe x2 (Chrono Boost)  
  57  5:39  Assimilator  
  57  5:41  Probe (Chrono Boost)  
  57  5:44  Probe  
  57  5:49  Pylon  
  59  5:53  Probe  
  59  5:54  Void Ray x2  
  68  6:05  Probe  
  69  6:14  Forge  
  69  6:23  Probe (Chrono Boost)  
  70  6:26  Void Ray x2  
  70  6:32  Probe (Chrono Boost)  
  80  6:33  Probe (Chrono Boost)  
  82  6:40  Probe (Chrono Boost)  
  82  6:41  Probe (Chrono Boost)  
  82  6:44  Probe (Chrono Boost)  
  83  6:49  Probe  
  83  6:50  Protoss Air Armor Level 1  
  84  6:56  Probe  
  85  7:01  Probe  
  85  7:04  Fleet Beacon  
  85  7:06  Stargate  
  85  7:07  Stargate  
  87  7:08  Probe  
  87  7:20  Probe  
  88  7:32  Probe  
  69  7:44  Probe  
  70  7:52  Void Ray (Chrono Boost)  
  70  7:54  Void Ray (Chrono Boost)  
  70  7:55  Void Ray x3 (Chrono Boost)  
  70  7:57  Probe  
  91  8:09  Probe  
  92  8:21  Probe  
  93  8:35  Void Ray  
  93  8:36  Void Ray x2  
  93  8:37  Void Ray  
  93  8:39  Protoss Shields Level 1  
  93  8:40  Protoss Air Weapons Level 2 (Chrono Boost)  
  109  8:54  Nexus  
  109  8:58  Pylon  
  109  9:01  Pylon  
  109  9:04  Pylon  
  109  9:22  Twilight Council  
  109  9:29  Assimilator  
  109  9:34  Assimilator  
  109  9:37  Photon Cannon  
  109  9:39  Photon Cannon  
  109  9:41  Photon Cannon  
  109  9:43  Photon Cannon, Mothership  
  109  9:46  Void Ray  
  109  9:49  Void Ray  
  109  9:50  Void Ray  
  117  9:55  Void Ray  
  133  11:08  Void Ray x5  
  153  11:19  Pylon  
  153  11:20  Pylon  
  153  11:23  Pylon  
  153  11:37  Void Ray  
  157  11:51  Void Ray x2  
  165  12:09  Void Ray x3  
  177  12:19  Pylon  
  177  12:22  Pylon  
  177  12:26  Pylon  
  177  12:37  Void Ray x2  
  177  12:39  Void Ray  
  189  12:52  Void Ray x2  
  153  14:49  Void Ray x4  
  153  14:50  Void Ray x2  
  177  15:08  Protoss Air Weapons Level 3  
  177  15:32  Void Ray x5  
  197  16:15  Void Ray x3  
  157  16:45  Void Ray x3  
  169  16:58  Void Ray x3  
  165  17:28  Void Ray x3  
  177  17:40  Void Ray x2  
  177  17:41  Void Ray  
  181  18:11  Void Ray x3  
  193  18:23  Void Ray  
Show
View Real Time Build Order
Export as new Build Order

LeadMoveRDie Protoss - Winner!

Build Orders:  

Get SALT Encoding   

  12  0:02  Probe  
  13  0:14  Probe  
  13  0:19  Pylon  
  14  0:26  Probe  
  15  0:38  Probe  
  16  0:45  Gateway  
  16  0:54  Gateway  
  16  1:06  Forge  
  16  1:10  Probe  
  17  1:16  Pylon  
  17  1:26  Probe  
  17  1:31  Assimilator  
  18  1:33  Zealot (Chrono Boost)  
  18  1:38  Probe  
  21  1:53  Zealot  
  23  1:54  Zealot  
  25  2:08  Pylon  
  25  2:20  Zealot  
  25  2:21  Zealot  
  25  2:22  Photon Cannon  
  29  2:37  Cybernetics Core  
  29  2:43  Pylon  
  29  2:47  Zealot  
  31  2:52  Gateway  
  31  3:03  Probe  
  31  3:04  Photon Cannon  
  32  3:10  Protoss Ground Weapons Level 1  
  32  3:47  Stalker x2  
  36  3:55  Assimilator  
  36  3:56  Probe  
  37  4:03  Zealot  
  37  4:08  Probe  
  40  4:30  Stalker  
  42  4:32  Robotics Facility  
  38  5:11  Stalker x2  
  38  5:12  Stalker  
  38  5:38  Pylon  
  38  5:41  Zealot x2  
  38  5:42  Zealot  
  44  5:59  Pylon  
  44  6:08  Nexus, Zealot  
  44  6:09  Zealot x2  
  50  6:19  Photon Cannon  
  50  6:35  Zealot  
  50  6:36  Stalker  
  50  6:37  Stalker  
  56  6:45  Photon Cannon  
  56  7:07  Observer  
  49  7:29  Observer  
  36  7:50  Observer  
  31  7:57  Stalker x3  
  33  8:09  Probe  
  34  8:13  Protoss Ground Armor Level 1  
  34  8:21  Probe  
  35  8:27  Stalker x2  
  35  8:33  Probe  
  40  8:45  Probe, Stalker  
  43  8:55  Stargate  
  43  8:57  Probe, Stalker x2  
  48  9:08  Stargate  
  48  9:14  Assimilator  
  48  9:17  Assimilator  
  48  9:25  Photon Cannon  
  48  9:31  Photon Cannon  
  48  9:37  Probe  
  49  9:50  Probe  
  50  9:55  Phoenix  
  52  10:02  Probe  
  53  10:07  Protoss Shields Level 1  
  53  10:10  Stalker  
  53  10:14  Probe  
  56  10:20  Observer  
  57  10:26  Probe  
  58  10:38  Probe  
  59  10:50  Probe  
  59  10:52  Zealot  
  59  10:53  Zealot  
  64  11:01  Twilight Council  
  64  11:02  Void Ray  
  64  11:03  Void Ray  
  72  11:21  Zealot  
  72  11:22  Stalker x2  
  78  11:30  Protoss Air Weapons Level 1  
  78  12:01  Protoss Ground Weapons Level 2  
  78  12:19  Pylon  
  78  12:21  Pylon  
  78  12:24  Pylon  
  78  12:26  Pylon  
  78  12:37  Probe, Zealot  
  78  12:41  Photon Cannon, Stalker x2  
  85  12:49  Charge  
  69  13:04  Stalker  
  66  13:24  Protoss Air Armor Level 1  
  66  13:44  Nexus  
  66  14:04  Pylon  
  66  14:16  Pylon, Protoss Ground Armor Level 2  
  66  14:22  Probe  
  67  14:57  Pylon  
  67  14:59  Photon Cannon  
  67  15:04  Probe  
  68  15:36  Probe, Photon Cannon  
  69  16:05  Robotics Facility  
  69  16:27  Dark Shrine  
  69  16:43  Probe  
  70  16:55  Probe  
  71  17:40  Probe  
  72  17:48  Observer  
  73  17:53  Probe  
  74  18:05  Probe  
  75  18:09  Observer  
Show
View Real Time Build Order
Export as new Build Order

Deathstar Zerg - Winner!

Build Orders: Pool First 

Get SALT Encoding   

  12  0:03  Drone  
  13  0:13  Drone  
  14  0:17  Overlord  
  14  0:31  Extractor  
  13  0:39  Spawning Pool  
  12  0:56  Drone x2  
  14  0:57  Drone  
  15  1:14  Drone  
  16  1:20  Drone  
  17  1:29  Queen  
  17  1:31  Drone  
  20  1:35  Extractor  
  19  1:40  Drone  
  19  1:41  Metabolic Boost  
  20  1:51  Drone  
  21  2:07  Overlord  
  21  2:16  Evolution Chamber, Queen  
  22  2:31  Spine Crawler  
  21  2:40  Drone, Spine Crawler  
  21  2:41  Drone  
  21  2:42  Drone  
  23  2:47  Zerg Melee Weapons Level 1  
  23  2:52  Zergling x2  
  23  2:54  Zergling x2  
  25  3:06  Drone x2  
  28  3:12  Zergling x2  
  28  3:22  Drone  
  28  3:23  Drone  
  28  3:25  Overlord  
  30  3:43  Spore Crawler  
  30  3:44  Drone  
  30  3:45  Drone  
  31  3:50  Lair  
  31  3:55  Drone  
  32  3:57  Zergling x2  
  32  3:58  Zergling x2  
  32  4:01  Zergling x2  
  35  4:26  Hatchery  
  34  4:35  Drone x3  
  37  4:51  Drone  
  37  4:52  Overlord  
  38  4:54  Spine Crawler  
  38  4:55  Drone  
  38  4:58  Spine Crawler  
  37  5:02  Overseer  
  37  5:06  Drone  
  38  5:19  Hydralisk Den  
  37  5:23  Zerg Missile Weapons Level 1  
  37  5:24  Spire  
  36  5:31  Evolution Chamber  
  36  5:33  Drone x2  
  38  5:42  Drone  
  38  5:45  Pneumatized Carapace  
  38  5:53  Drone x2  
  40  5:58  Extractor, Drone  
  40  6:01  Extractor  
  39  6:07  Hydralisk  
  39  6:09  Hydralisk  
  43  6:15  Hydralisk  
  45  6:30  Drone  
  45  6:31  Drone x2  
  48  6:37  Drone x4  
  48  6:39  Overlord  
  46  7:42  Mutalisk  
  46  7:43  Mutalisk, Hydralisk  
  52  7:45  Overlord  
  52  7:46  Overlord  
  52  7:48  Zerg Missile Weapons Level 2  
  52  7:49  Zerg Ground Armor Level 1  
  52  8:09  Grooved Spines  
  52  8:11  Zerg Flyer Weapons Level 1  
  52  8:16  Hatchery  
  52  8:19  Infestation Pit  
  50  8:20  Overseer  
  50  8:21  Overseer  
  50  8:27  Drone x4  
  51  8:28  Drone x2  
  51  8:30  Drone x3  
  51  8:31  Hydralisk x2  
  51  8:32  Hydralisk  
  51  8:34  Zergling x2  
  66  8:35  Mutalisk  
  68  8:58  Hive, Spire  
  67  9:20  Muscular Augments  
  67  9:29  Mutalisk x2  
  67  9:30  Mutalisk  
  73  9:34  Overlord x2  
  73  9:35  Overlord  
  73  9:47  Zerg Ground Armor Level 2  
  73  9:59  Queen  
  75  10:01  Drone x2  
  75  10:04  Corruptor x2  
  81  10:07  Corruptor  
  83  10:14  Hatchery  
  82  10:32  Zergling x6  
  82  10:33  Hydralisk  
  82  10:34  Mutalisk  
  89  10:44  Viper  
  89  10:48  Overlord x2  
  89  10:49  Overlord  
  92  11:03  Drone x3  
  92  11:04  Queen  
  97  11:35  Spore Crawler  
  97  11:36  Drone x2  
  97  11:38  Drone x5  
  97  11:39  Drone  
  104  11:42  Drone x5  
  104  11:43  Drone, Overlord x2  
  110  11:47  Extractor  
  110  11:50  Extractor  
  110  11:54  Corruptor x2  
  112  12:05  Zerg Missile Weapons Level 3  
  112  12:07  Zerg Ground Armor Level 3  
  112  12:08  Greater Spire  
  112  12:10  Zerg Flyer Weapons Level 2  
  112  12:30  Drone  
  112  12:31  Drone x2  
  115  12:46  Mutalisk x3  
  115  12:47  Corruptor  
  115  12:48  Corruptor  
  115  12:49  Corruptor  
  115  12:50  Mutalisk  
  129  13:03  Mutalisk x2  
  133  13:10  Extractor  
  132  13:13  Extractor  
  131  13:21  Drone x5  
  136  13:33  Drone x2, Mutalisk x2  
  142  13:34  Corruptor  
  142  13:36  Overlord x3  
  144  14:02  Drone x5  
  149  14:15  Ultralisk Cavern  
  148  14:17  Zerg Flyer Armor Level 1  
  148  14:18  Corruptor x3  
  148  14:20  Corruptor x2  
  158  14:28  Mutalisk  
  160  14:41  Spore Crawler  
  160  14:42  Zerg Melee Weapons Level 2  
  160  14:43  Spore Crawler  
  160  14:45  Drone x4  
  162  14:48  Mutalisk x2  
  162  14:50  Mutalisk  
  168  14:53  Overlord  
  168  14:54  Overlord  
  168  14:55  Overlord  
  168  15:12  Corruptor  
  170  15:14  Corruptor  
  170  15:17  Corruptor x2  
  176  15:36  Corruptor x2  
  176  15:37  Corruptor  
  176  15:38  Corruptor x3  
  176  15:40  Corruptor x2  
  192  15:43  Overlord  
  192  16:42  Zergling x8  
  192  16:46  Zergling x4  
  192  16:47  Zergling x2  
  194  18:17  Brood Lord  
  194  18:18  Brood Lord  
  194  18:19  Brood Lord  
Tags
 
Add a new tag
Caveats
  • Supply blocks, unpowered buildings, or Contaminate may cause inaccurate times.
  • Supply counts are checked every 10 seconds.